 Dungeon Crawl Stone Soup version 0.17-a0-1900-g45e8110 (webtiles) character file.

20297 derrpe the Arsonist (level 12, -3/81 HPs)
             Began as a Mummy Fire Elementalist on Sept 24, 2015.
             Was an Initiate of Gozag.
             Slain by a hill giant
             ... wielding a +0 giant club
              (9 damage)
             ... on level 11 of the Dungeon.
             The game lasted 01:13:31 (22372 turns).

derrpe the Arsonist (Mummy Fire Elementalist)      Turns: 22372, Time: 01:13:31

Health: -3/81      AC: 13    Str: 13    XL:     12   Next: 44%
Magic:  3/18       EV:  2    Int: 18    God:    Gozag
Gold:   2848       SH:  0    Dex: 12    Spells: 4 memorised, 6 levels left

rFire  + . .     SeeInvis .     a - staff of fire
rCold  + . .     Clarity  .     v - +3 leather armour "Xiuraweb" {rC+}
rNeg   + + +     SustAt   .     (no shield)
rPois  ∞         Gourm    .     i - +2 helmet
rElec  .         Spirit   .     f - +1 cloak
rCorr  .         Warding  .     s - +0 pair of gloves
rMut   .         Stasis   .     (no boots)
MR     +....                    (no amulet)
Stlth  +.........               u - +1 ring of protection
                                E - ring of fire

@: petrified, somewhat resistant to hostile enchantments, very unstealthy
A: no food or potions, fire vulnerability, cold resistance 1, negative energy
resistance 3, torment resistance, unbreathing
a: Potion Petition, Call Merchant, Bribe Branch, Renounce Religion


You were on level 11 of the Dungeon.
You worshipped Gozag.
Gozag was noncommittal.
You were not hungry.

You visited 3 branches of the dungeon, and saw 13 of its levels.
You also visited: Sewer.

You collected 3537 gold pieces.
You spent 198 gold pieces at shops.
You paid 491 gold pieces to Gozag.

Inventory:

Hand weapons
 b - a +0 hunting sling
 l - a +0 blowgun
 n - a +2 dagger of speed
Missiles
 c - 213 stones (quivered)
 m - 68 poisoned needles
Armour
 f - a +1 cloak (worn)
 i - a +2 helmet (worn)
 s - a +0 pair of gloves (worn)
 v - the +3 leather armour "Xiuraweb" (worn) {rC+}
   (You found it on level 6 of the Dungeon)

   It protects you from cold.
 C - a +2 shield
Magical staves
 a - an uncursed staff of fire (weapon)
Jewellery
 j - an uncursed ring of sustain attributes
 u - a +1 ring of protection (right hand)
 x - an uncursed ring of flight
 B - an uncursed ring of invisibility
 E - a ring of fire (left hand)
Magical devices
 t - a wand of cold (0)
Scrolls
 d - 2 scrolls of remove curse
 e - a scroll of fog
 p - 6 scrolls of recharging
 r - 3 scrolls of blinking
 y - 3 scrolls of enchant weapon
 z - a scroll of enchant armour
 A - 2 scrolls of identify
 D - a scroll of magic mapping
Books
 g - a book of Flames

   Spells                             Type                      Level
   a - Flame Tongue                   Conjuration/Fire             1
   b - Throw Flame                    Conjuration/Fire             2
   c - Conjure Flame                  Conjuration/Fire             3
   d - Inner Flame                    Hexes/Fire                   3
   e - Sticky Flame                   Conjuration/Fire             4
   f - Fireball                       Conjuration/Fire             5


   Skills:
 + Level 3.2 Fighting
 - Level 1.6 Armour
 - Level 2.4 Dodging
 - Level 1.5 Stealth
 + Level 2.6 Shields
 * Level 4.3 Spellcasting
 - Level 11.5 Conjurations
 - Level 11.8 Fire Magic


You had 6 spell levels left.
You knew the following spells:

 Your Spells              Type           Power        Failure   Level  Hunger
a - Flame Tongue          Conj/Fire      #####        1%          1    N/A
b - Conjure Flame         Conj/Fire      #######.     1%          3    N/A
c - Sticky Flame          Conj/Fire      #######.     1%          4    N/A
d - Fireball              Conj/Fire      #######...   4%          5    N/A

Dungeon Overview and Level Annotations

Branches:
Dungeon (11/15)            Temple (1/1) D:5             Orc (1/4) D:9
   Lair: D:8-11

Altars:
Ashenzari
Cheibriados
Dithmenos
Elyvilon
Fedhas
Gozag
Kikubaaqudgha
Makhleb
Nemelex Xobeh
Okawaru
Qazlal
Ru
Sif Muna
Trog
Vehumet
Xom
Yredelemnul
Zin
The Shining One

Shops:
D:4 (   D:5 !   D:6 [(*   D:7 [

Annotations:
Orc:1 Harold, Maurice


Innate Abilities, Weirdness & Mutations

You do not eat or drink.
Your flesh is vulnerable to fire.
You are immune to poison.
Your flesh is cold resistant.
You are immune to negative energy.
You are immune to unholy pain and torment.
You can survive without breathing.


Message History

The basilisk gazes at you. You resist with almost no effort.
The basilisk gazes at you.
You are slowing down.
The basilisk gazes at you.
Your limbs have turned to stone.
You have turned to stone.
The hill giant hits you with a giant club!
* * * LOW HITPOINT WARNING * * *
The hill giant hits you with a giant club!!
* * * LOW HITPOINT WARNING * * *
The basilisk gazes at you. You resist with almost no effort.
The hill giant hits you with a giant club.
* * * LOW HITPOINT WARNING * * *
The basilisk bites you but does no damage.
The basilisk gazes at you. You resist with almost no effort.
The hill giant hits you with a giant club!!
You die...
Your body crumbles into a pile of gold.

#.o...>........###############.
.#.......#................$....
..[...........(................
.#.......#>...#.#.#.#..........
......................[...(....
.#.#.#.#.#....#.#.#.#..........
######.................########
#<)..))..#.#C#.#..#
#....).....@l.....#
#........#.#Y#.#..#
#.................#
#.........##.######
#.....)[.....# #......)..####
#...[.....# #...<[....#
#....[....#


You could see a hill giant, a basilisk and an ice beast.

Vanquished Creatures
  A hydra (D:8)
  Urug (D:11)
  The ghost of PeterLawrence the Basher, an experienced MiFi of Okawaru (D:8)
  A hill giant (D:11)
  2 ugly things
  2 gargoyles
  2 trolls
  2 two-headed ogres
  A shadow (D:11)
  2 deep elf magi
  3 wraiths
  30 yaks
  The ghost of Goresteps the Chucker, an average TrHu (D:4)
  A basilisk (D:11)
  A hungry ghost (D:8)
  3 hippogriffs
  A water moccasin (D:10)
  A mottled dragon (D:11)
  Edmund (D:5)
  4 porcupines
  2 ice beasts (D:9)
  A soldier ant (D:10)
  7 sky beasts
  A phantom (D:11)
  2 necrophages (D:8)
  2 orc warriors
  8 ogres
  An eye of draining (D:9)
  4 centaurs
  5 crocodiles
  4 big kobolds
  An elf zombie (D:8)
  9 giant frogs
  A brain worm (D:11)
  3 jellies
  7 scorpions
  7 wights
  12 killer bees
  4 centaur zombies
  5 crimson imps
  5 iguanas
  3 giant frog zombies
  2 giant frog skeletons
  3 orc priests
  9 hounds
  3 human zombies (D:8)
  15 orc wizards
  A human skeleton (D:8)
  5 centaur skeletons
  2 sheep (D:8)
  8 worker ants
  3 hound zombies
  A mummy (D:8)
  A worker ant zombie (D:6)
  4 gnolls (D:11)
  5 river rats
  24 adders
  6 shadow imps
  2 oozes
  2 adder zombies
  4 worms
  38 orcs
  18 ball pythons
  7 giant cockroaches
  9 goblins
  8 hobgoblins
  7 jackals
  18 kobolds
  2 quokkas
  9 bats
  3 giant geckos
  2 giant gecko skeletons (D:6)
  7 giant newts
  An orc skeleton (D:8)
  32 rats
416 creatures vanquished.

Vanquished Creatures (others)
  A bush (D:11)
  2 fungi (D:11)
  11 plants
14 creatures vanquished.

Grand Total: 430 creatures vanquished

Notes
Turn   | Place    | Note
--------------------------------------------------------------
     0 | D:1      | derrpe the Mummy Fire Elementalist began the quest for the Orb.
     0 | D:1      | Reached XP level 1. HP: 13/13 MP: 3/3
   191 | D:1      | Reached skill level 1 in Conjurations
   462 | D:1      | Reached XP level 2. HP: 19/19 MP: 3/5
  1399 | D:2      | Reached XP level 3. HP: 24/24 MP: 3/6
  1475 | D:2      | Found a glowing silver altar of Zin.
  1599 | D:2      | Reached skill level 3 in Fire Magic
  1922 | D:2      | Found a white marble altar of Elyvilon.
  2173 | D:2      | Found an iron altar of Okawaru.
  2193 | D:2      | Learned a level 3 spell: Conjure Flame
  2512 | D:3      | Reached XP level 4. HP: 30/30 MP: 7/7
  3157 | D:3      | Found an opulent altar of Gozag.
  3174 | D:3      | Became a worshipper of Gozag Ym Sagoz the Greedy
  3269 | D:3      | Reached XP level 5. HP: 35/35 MP: 2/8
  3841 | D:4      | Found a stormy altar of Qazlal.
  3851 | D:4      | Reached skill level 4 in Fire Magic
  3908 | D:4      | Noticed Goresteps's ghost (average TrHu)
  3964 | D:4      | Found Wisivon's Weapon Shoppe.
  3965 | D:4      | Noticed an ogre
  4009 | D:4      | Killed Goresteps's ghost
  4009 | D:4      | Reached XP level 6. HP: 17/41 MP: 0/9
  4011 | D:4      | Killed an ogre
  4085 | D:4      | Reached skill level 5 in Fire Magic
  4181 | D:4      | Reached XP level 7. HP: 13/46 MP: 5/10
  4185 | D:4      | Found a glowing drain.
  4195 | Sewer    | Entered a sewer
  4967 | Sewer    | Learned a level 4 spell: Sticky Flame
  5401 | D:4      | Noticed an ogre
  5471 | D:4      | Killed an ogre
  5471 | D:4      | Reached skill level 5 in Conjurations
  5899 | D:5      | Entered Level 5 of the Dungeon
  5990 | D:5      | Found a staircase to the Ecumenical Temple.
  5992 | D:5      | Found Ybyock Qogg's Distillery.
  5999 | Temple   | Entered the Ecumenical Temple
  6673 | D:5      | Reached skill level 6 in Fire Magic
  6673 | D:5      | Reached XP level 8. HP: 52/52 MP: 7/11
  7133 | D:6      | Got an ichor-stained leather armour
  7148 | D:6      | Identified the +3 leather armour "Xiuraweb" {rC+} (You found it on level 6 of the Dungeon)
  7457 | D:6      | Found a shadowy altar of Dithmenos.
  7751 | D:5      | Reached skill level 7 in Fire Magic
  8029 | D:5      | Reached XP level 9. HP: 37/57 MP: 0/12
  8604 | D:6      | Noticed Edmund
  8657 | D:5      | Killed Edmund
  8657 | D:5      | Reached skill level 8 in Fire Magic
  8804 | D:6      | Found Veec's Armour Emporium.
  8864 | D:6      | Found Umyseakh's Weapon Emporium.
  9315 | D:6      | Found Puxol's General Store.
  9391 | D:7      | Found a blossoming altar of Fedhas.
  9578 | D:7      | Found a deep blue altar of Sif Muna.
  9753 | D:7      | Found a sparkling altar of Nemelex Xobeh.
  9754 | D:7      | Found an opulent altar of Gozag.
  9858 | D:7      | Found Liruguo's Antique Armour Emporium.
  9861 | D:7      | Bought a heavily runed ring mail for 198 gold pieces
  9871 | D:7      | Identified the +2 ring mail "Somynah" {Str+3} (You bought it in a shop on level 7 of the Dungeon)
 10735 | D:8      | Reached skill level 9 in Fire Magic
 10898 | D:8      | Found a bloodstained altar of Trog.
 10898 | D:8      | Found a snail-covered altar of Cheibriados.
 10935 | D:8      | Reached XP level 10. HP: 43/63 MP: 1/13
 11477 | D:8      | Learned a level 5 spell: Fireball
 11546 | D:8      | Found a sacrificial altar of Ru.
 11650 | D:8      | Noticed PeterLawrence's ghost (experienced MiFi)
 11708 | D:7      | Got a jewelled chain mail
 11849 | D:7      | Identified the +5 chain mail of Xywk {+Blink rC- Regen+ Str+4} (You found it on level 7 of the Dungeon)
 11979 | D:8      | Killed PeterLawrence's ghost
 12462 | D:8      | Noticed a three-headed hydra
 12469 | D:8      | Killed a three-headed hydra
 12469 | D:8      | Reached skill level 10 in Fire Magic
 13328 | D:8      | Found an ancient bone altar of Kikubaaqudgha.
 13703 | D:9      | Reached skill level 10 in Conjurations
 14160 | D:9      | Reached XP level 11. HP: 49/68 MP: 7/14
 14374 | D:9      | Found a staircase to the Orcish Mines.
 15260 | Orc:1    | Entered Level 1 of the Orcish Mines
 15260 | Orc:1    | Noticed Harold
 15260 | Orc:1    | Noticed Maurice
 15382 | D:10     | Entered Level 10 of the Dungeon
 16370 | D:10     | Reached skill level 11 in Fire Magic
 18321 | D:11     | Noticed a hill giant
 18450 | D:11     | Killed a hill giant
 19476 | D:11     | Reached XP level 12. HP: 42/75 MP: 1/15
 19649 | D:11     | Reached skill level 1 in Fighting
 19816 | D:11     | Reached skill level 1 in Armour
 19817 | D:11     | Noticed Urug
 20384 | D:10     | Reached skill level 1 in Shields
 21744 | D:11     | Killed Urug
 22372 | D:11     | Slain by a hill giant

Vault maps used:
D:1:      saegor_arrival_simple_f
D:2:      nicolae_overflow_crystal_walls, elyvilon_altar_4, grunt_ministairs_13,
          okawaru_metal_pillars_1_2
D:3:      first_bread, nicolae_gozag_cash_rules_everything_around_me
D:4:      nicolae_qazlal_general_emergency, gup_sewer_entry_spiral,
          serial_shops, nicolae_shop_window_shopping, minivault_23,
          kennysheep_another_room
D:5:      minmay_temple_entry_grid, serial_shops, shop
D:6:      old_standard_altar, serial_undead, serial_undead_c, serial_undead_b,
          serial_undead_d, serial_undead_f, serial_shops, kennysheep_mini_moat,
          kennysheep_little_box, shop, uniq_edmund
D:7:      grunt_temple_overflow_opulence, lemuel_doored_altar,
          lemuel_crystal_altar, serial_shops, shop
D:8:      lemuel_mausoleum_altar_kikubaaqudgha, nicolae_ru_path_of_blood,
          gammafunk_temple_overflow_statue, hangedman_ranch,
          kennysheep_generic_room_11
D:9:      orc_0_dummy
D:11:     minmay_lair_entry_grove, serial_glass, glass_columns_c,
          glass_columns_a, st_stairs_4, uniq_urug
Temple:   circular_temple_6
Orc:1:    serial_shops, shop, uniq_harold, uniq_erica, uniq_maurice
Sewer:    sewer_minmay_w

Action                   |  1- 3 |  4- 6 |  7- 9 | 10-12 || total
-------------------------+-------+-------+-------+-------++-------
Melee: Dagger            |     4 |       |     4 |   221 ||   229
       Staff             |       |    70 |    42 |   187 ||   299
 Fire: Hunting sling     |    20 |    15 |    30 |    80 ||   145
       Blowgun           |       |     1 |       |       ||     1
Throw: Stone             |     9 |       |       |     2 ||    11
 Cast: Flame Tongue      |    63 |    80 |   291 |   417 ||   851
       Conjure Flame     |       |     4 |    11 |    27 ||    42
       Sticky Flame      |       |       |    16 |    61 ||    77
       Fireball          |       |       |       |    42 ||    42
Invok: Potion Petition   |       |     1 |       |     2 ||     3
Evoke: Wand              |       |       |       |     9 ||     9
  Use: Scroll            |     1 |     1 |     5 |    10 ||    17
 Stab: Sleeping          |     1 |       |     1 |     1 ||     3
       Invisible         |       |     5 |       |       ||     5
